Zazza, neutral female gnomish Healer #### ------ --------------------------------# #######-.<..| +..............................|# |....| | --------.......-----------.|`###############.....| |------.|..|(((| +.| |....| |.....|.|..|(((| |..###### |....| |.._..|.-|--...----.| # |....| | - |.....|....--|--....| ### -.---- |.... |.....|.............| # # |........ ----|--.{......%....| ### ### |...............I...[......%...| # # | -+---...........-+--+---...| ### # --------.---- |.. |...| # --.------ |%%.+.+ |%%!|...| ##........| |!% |.| ---|(?[|...| |*.*....| | -----+------.----..-----...| |.......| |..............................| --------- -------------------------------- Zazza the Rhizotomist Experience level: 1 Strength: 9 Dexterity: 9 Constitution: 17 Intelligence: 9 Wisdom: 16 Charisma: 18 Health: 0(29) Energy: 7(7) Def: 0 Gold: 51 Moves: 2876 Dungeon seed: 26KDwDRN3QVYVXj9 Game ID: Zazza_1621752921 Your Inventory: Coins $ - 51 gold pieces Weapons a - a blessed +0 scalpel Armor e - an uncursed +1 pair of leather gloves Comestibles k - 4 uncursed apples Wands g - a wand of sleep (0:7) Tools b - an uncursed stethoscope m - an uncursed mirror Spells and supernatural/magical abilities: Name Level Category Fail Memory h - healing 1 healing 0% 86% x - extra healing 3 healing 54% 86% S - stone to flesh 3 healing 64% 86% W - pray for help -- divine ? -- Your skills at the end: Fighting Skills Weapon Skills knife [Basic] Spellcasting Skills healing spells [Basic] Final Attributes: You were fervently aligned. You were poison resistant. You had infravision. You were a wererat. You were unlucky. Hermes was angry with you. You are dead. Vanquished creatures: a little dog a homunculus a kobold lord 2 wererats an acid blob a hobbit 2 giant rats a gnome 3 geckos 2 jackals 3 foxes 4 kobolds 5 goblins 7 sewer rats 8 grid bugs a bat 3 lichens 2 kobold zombies 2 newts 50 creatures vanquished. Voluntary challenges: You never hit with a wielded weapon. You were a pacifist. You read items or engraved 1 time, starting on turn 2829. You never genocided any monsters. You never polymorphed an object. You changed form 3 times, starting on turn 2061. You used no wishes. You never split a pudding. You never wrote Elbereth's name. You never violated your personal moral code. Dungeon overview: The Dungeons of Doom: levels 1 to 4 Level 1 a long staircase Level 2 a fountain Level 3 (g) a fountain stairs to The Gnomish Mines Level 4 The Gnomish Mines: levels 4 to 6 Level 4 stairs to The Dungeons of Doom Level 5 Level 6 <- You were here some shops, a temple to Athena, a fountain History has recorded: On T:1 you entered the Dungeons of Doom to retrieve the Amulet of Yendor! On T:186 you reached level 2 of The Dungeons of Doom. On T:620 you reached level 3 of The Dungeons of Doom. On T:1141 you reached level 4 of The Dungeons of Doom. On T:1472 you reached level 1 of The Gnomish Mines. On T:1646 you reached level 2 of The Gnomish Mines. On T:1851 you reached level 3 of The Gnomish Mines. Score breakdown: Gold: 0 ( 0 points) Experience: 1 level ( 0 points) Exploration: 6 levels ( 12.24%) ( 9682 points) Discoveries: 1 item ( 0.34%) ( 1755 points) Valuables value: (no points given unless you survive) Artifact value: 0 ( 0 points) Variety of kills: 19 monsters ( 4.99%) ( 6699 points) Turncount: 2876 turns ( -537 points) Survival: died (score multiplied by 80%) Total score: 14079 Latest messages: You can't do that while carrying so much stuff. You can't do that while carrying so much stuff. You displace Armand. You faint from lack of food. You come to. You faint from lack of food. You come to. You faint from lack of food. You come to. You faint from lack of food. You return to gnomish form! Your movements are now unencumbered. You come to. That command is only available in debug mode. You faint from lack of food. You come to. J - an uncursed scroll labeled THARR. As you read the scroll, it disappears. (You can name a scroll labeled THARR from the item naming menu.) You faint from lack of food. It bites! (19x) You die... Final status: Goodbye Zazza the Healer, killed by a newt, while fainted from lack of food... You died in The Gnomish Mines on dungeon level 6 with 14079 points, and 51 pieces of gold, after 2876 moves. You were level 1 with a maximum of 29 hit points when you died.